AoeStats
← 1725629104

Arena

510530273Analyzed
4v4 RM · 2d ago on Oct 1, 2026· 52m 7s· 8 players
Game mode
Random Map
Map size
Large (8 player)
Population
200
Speed
Normal
Resources
Standard
Victory
Conquest
Starting age
Dark Age
Ending age
Imperial Age
RankedLock teamsTeams togetherTeam positionsShared explorationLock speedFull tech treeHidden civsTurbo modeCheats
Victory
Defeat
🇹🇼 Danes · Taiwan
1007
+14
🇨🇳 Vietnamese · China
1006
+14
🇹🇷 Turks · Türkiye
930
+17
🇨🇳 Khmer · China
892
+18
🇹🇼 Japanese · Taiwan
1001
-51
🇨🇳 Turks · China
955
-16
🇹🇼 Maya · Taiwan
929
-27
🇨🇳 Byzantines · China
913
-14
leoli34
0:28 Loom
12:29 Feudal Age
15:37 Wheelbarrow
16:19 Fletching
20:28 Castle Age
20:35 Scale Mail Armor
21:35 Double-Bit Axe
21:45 Crossbowman
22:57 Bow Saw
27:12 Horse Collar
28:28 Thumb Ring
28:38 Town Watch
28:25 Pikeman
30:06 Squires
33:54 Caravan
34:27 Gold Mining
36:10 Elite Skirmisher
37:37 Eagle Warrior
1725629104
14:56 Feudal Age
16:53 Wheelbarrow
16:01 Horse Collar
16:08 Double-Bit Axe
19:35 Castle Age
20:22 Loom
23:56 Imperial Age
22:00 Loom
22:28 Bow Saw
22:21 Heavy Plow
26:44 Two-Man Saw
26:54 Fletching
27:23 Gold Mining
31:48 Padded Archer Armor
31:44 Bodkin Arrow
32:12 Ballistics
49:11 Thumb Ring
413401132
10:26 Feudal Age
10:58 Double-Bit Axe
10:57 Horse Collar
12:59 Gold Mining
15:55 Loom
19:09 Castle Age
18:11 Stone Mining
20:03 Bow Saw
20:13 Heavy Plow
25:12 Wheelbarrow
27:17 Caravan
28:35 Hand Cart
32:55 Imperial Age
31:04 Scale Barding Armor
31:10 Forging
31:35 Arson
31:51 Squires
33:47 Gold Shaft Mining
33:53 Stone Shaft Mining
34:00 Conscription
34:06 Chain Barding Armor
36:14 Logistica
35:52 Pikeman
37:03 Halberdier
37:47 Husbandry
38:02 Elite Cataphract
39:29 Plate Barding Armor
39:30 Iron Casting
38:18 Heavy Camel Rider
39:45 Scale Mail Armor
ZebraBee♕
2:58 Loom
11:51 Feudal Age
13:15 Wheelbarrow
16:28 Padded Archer Armor
16:39 Double-Bit Axe
18:10 Gold Mining
21:27 Castle Age
19:48 Horse Collar
23:25 Hand Cart
26:24 Stone Mining
27:10 Gold Shaft Mining
26:50 Bow Saw
26:43 Heavy Plow
29:24 Scale Mail Armor
29:39 Forging
29:46 Squires
32:58 Iron Casting
32:42 Chain Mail Armor
35:10 Imperial Age
38:09 Hoardings
40:14 Elite Samurai
45:15 Blast Furnace
44:47 Plate Mail Armor
arping0904
12:33 Feudal Age
17:12 Castle Age
15:30 Double-Bit Axe
15:47 Horse Collar
18:02 Bow Saw
18:16 Heavy Plow
18:38 Gold Mining
20:06 Wheelbarrow
21:44 Town Watch
23:07 Loom
26:25 Imperial Age
24:46 Gold Shaft Mining
25:55 Scale Barding Armor
26:22 Bloodlines
26:18 Light Cavalry
29:08 Chemistry
29:20 Masonry
29:32 Capped Ram
29:56 Northmen's Fury
32:02 Hand Cart
32:27 Scale Mail Armor
35:02 Chain Barding Armor
37:47 Fletching
38:46 Forging
39:43 Stone Mining
40:16 Conscription
40:14 Siege Ram
41:18 Siege Engineers
42:55 Heavy Scorpion
44:32 Plate Barding Armor
44:33 Iron Casting
44:43 Chain Mail Armor
44:36 Bodkin Arrow
45:33 Padded Archer Armor
45:55 Squires
45:40 Gambesons
45:41 Arson
48:24 Blast Furnace
47:55 Plate Mail Armor
47:24 Murder Holes
48:34 Ballistics
49:02 Stone Shaft Mining
48:55 Leather Archer Armor
48:41 Bracer
enverlife
11:28 Feudal Age
11:42 Loom
12:14 Horse Collar
19:30 Castle Age
18:03 Double-Bit Axe
21:15 Heavy Plow
23:40 Husbandry
35:07 Imperial Age
33:14 Wheelbarrow
32:46 Gold Mining
32:47 Stone Mining
34:52 Gold Shaft Mining
34:34 Bow Saw
41:27 Bloodlines
42:45 Elite Janissary
44:00 Scale Barding Armor
43:56 Padded Archer Armor
43:46 Fletching
44:07 Forging
43:57 Scale Mail Armor
49:48 Chain Barding Armor
49:44 Leather Archer Armor
49:45 Chain Mail Armor
50:06 Iron Casting
49:26 Bodkin Arrow
50:48 Two-Man Saw
51:41 Hoardings
50:37 Sappers
51:27 Conscription
51:28 Sipahi
51:10 Artillery
949463290
11:05 Feudal Age
11:34 Double-Bit Axe
18:17 Castle Age
16:54 Horse Collar
19:22 Bow Saw
19:15 Heavy Plow
22:30 Stone Mining
22:34 Gold Mining
25:18 Stone Shaft Mining
25:20 Gold Shaft Mining
29:46 Imperial Age
28:36 Wheelbarrow
29:03 Bloodlines
29:46 Hand Cart
35:06 Elite Ballista Elephant
37:23 Double Crossbow
38:08 Husbandry
40:10 Scale Barding Armor
40:17 Forging
39:58 Fletching
40:13 Caravan
45:39 Chain Barding Armor
45:55 Iron Casting
45:16 Bodkin Arrow
49:26 Plate Barding Armor
49:52 Blast Furnace
48:54 Bracer
48:58 Elite Battle Elephant
Ehco
11:10 Feudal Age
13:35 Double-Bit Axe
15:57 Castle Age
15:37 Wheelbarrow
17:12 Horse Collar
17:46 Bow Saw
19:47 Loom
28:12 Hand Cart
30:53 Imperial Age
28:34 Gold Mining
28:34 Stone Mining
29:00 Heavy Plow
29:45 Chatras
31:01 Crossbowman
31:47 Thumb Ring
32:00 Forging
31:40 Fletching
31:51 Padded Archer Armor
32:13 Scale Mail Armor
32:17 Murder Holes
33:23 Chemistry
31:46 Arbalester
32:49 Bodkin Arrow
33:14 Fortified Wall
33:09 Siege Engineers
33:43 Paper Money
34:01 Hoardings
34:37 Two-Man Saw
33:57 Scale Barding Armor
33:53 Bracer
34:09 Leather Archer Armor
34:30 Chain Mail Armor
34:34 Forging
35:06 Elite Rattan Archer
37:17 Iron Casting
37:12 Ring Archer Armor
37:13 Bloodlines
37:07 Husbandry
38:01 Chain Barding Armor
40:14 Masonry
39:44 Treadmill Crane
40:26 Ballistics
39:57 Heated Shot
43:11 Stone Shaft Mining
42:24 Elite Battle Elephant
44:39 Plate Barding Armor
46:58 Arrowslits
47:57 Chain Mail Armor
Connection lost

Rejoining the realm…

Still unreachable

The connection could not be restored.

Session expired

The server has moved on; the page needs a fresh start.